 Dungeon Crawl Stone Soup version 0.29.1-15-g9cfb28693d (webtiles) character file.

Game seed: 16463879313576313703

109 croobank the Sneak (level 4, -1/33 HPs)
             Began as an Octopode Delver on Mar 16, 2023.
             Slain by a shadow imp (2 damage)
             ... on level 5 of the Dungeon.
             The game lasted 00:03:23 (720 turns).

croobank the Sneak (Octopode Delver)                 Turns: 720, Time: 00:03:23

Health: -1/33      AC:  1    Str:  9 (11) XL:     4   Next: 89%
Magic:  4/4        EV: 13    Int: 12 (14) God:
Gold:   34         SH:  0    Dex: 11 (13) Spells: 3/3 levels left

rFire   . . .      SeeInvis .   a - +0 hand axe
rCold   . . .      Faith    .   (no shield)
rNeg    . . .      Spirit   .   (helmet restricted)
rPois   .          Reflect  .   (no amulet)
rElec   .          Harm     .   (no ring)
rCorr   .          Rampage  .   (no ring)
Will    .....                   (no ring)
Stlth   ++++......              (no ring)
HPRegen 0.11/turn               (no ring)
MPRegen 0.09/turn               (no ring)
                                (no ring)
                                (no ring)

@: no status effects
A: almost no armour, amphibious, 8 rings, camouflage 1, gelatinous body 1,
(nimble swimmer 1), tentacles
a: no special abilities


You were on level 5 of the Dungeon.
You visited 2 branches of the dungeon, and saw 7 of its levels.

You collected 34 gold pieces.

Inventory:

Hand Weapons
 a - a +0 hand axe (weapon)
 i - a +0 trident
Wands
 f - a wand of digging (3)
Scrolls
 c - a scroll of magic mapping


   Skills:
 + Level 3.7 Fighting
 + Level 3.0 Axes
 + Level 3.0 Dodging
 + Level 7.3 Stealth


You had 3 spell levels left.
You didn't know any spells.
Your spell library was empty.

Dungeon Overview and Level Annotations

Branches:
Dungeon (10/15)            Temple (1/1) D:6            Lair (0/5) D:9
    Orc: D:9-12

Altars:
Ashenzari
Cheibriados
Elyvilon
Gozag
Hepliaklqana
Okawaru
Qazlal
Trog
Uskayaw
Vehumet
Yredelemnul
The Shining One

Annotations:
D:6 1 runed translucent door


Innate Abilities, Weirdness & Mutations

You cannot wear most types of armour.
You are amphibious.
You can wear up to eight rings at the same time.
Your skin changes colour to match your surroundings (Stealth+).
Your rubbery body absorbs attacks. (AC +1, EV +1)
((You are camouflaged when in or above water. (Stealth+)))
You have tentacles for arms and can constrict up to eight enemies at once.


Message History

You feel weakened.
You feel dopey.
You feel clumsy.
It was a potion of cancellation.
Your magical effects are unravelling.
You feel magically purged.
You feel yourself slow down. Something hits you but does no damage.
You can't see any enemies this would affect, really read the scroll of fear?
As you read the scroll of fear, it crumbles to dust.
You assume a fearsome visage.
An orc comes into view. It is wielding a +0 dagger.
The orc moves out of view.
An orc comes into view. It is wielding a +0 mace.
Found a dagger.
Found a stone staircase leading up.
An orc and a shadow imp come into view.
Found a glowing glass wand.
The orc moves out of view.
An ufetubus comes into view.
An orc comes into view. It is wielding a +0 flail.
The ufetubus shouts!
The shadow imp shouts!
The shadow imp hits you.
* * * LOW HITPOINT WARNING * * *
The orc shouts! x3
Found a short sword.
You hear a shout!
An orc comes into view. It is wielding a +0 short sword.
Okay, then.
You aren't carrying any potions.
As you read the scroll of fog, it crumbles to dust.
The scroll dissolves into smoke.
The shadow imp closely misses you. The ufetubus closely misses you.
The ufetubus hits you.
* * * LOW HITPOINT WARNING * * *
The shadow imp shouts, "Out, out, thou pecksniffian rump-fed scavenger!"
The shadow imp barely misses you.
You hit the shadow imp. You grab the shadow imp. You squeeze the shadow imp.
The shadow imp is heavily wounded.
You closely miss the ufetubus.
You constrict the shadow imp, but do no damage.
The ufetubus closely misses you. The ufetubus hits you.
* * * LOW HITPOINT WARNING * * *
The shadow imp hits you.
You die...

.. #. . #. .
#.#. ).#..#.
......< ....o#.
...o...§o###
....#.o.§o5@#
....###.#§#5###
........#§o§§/#
........#..##.#
.......##.# .#
#.......## #
..#.......#
#.#.###.# # #.#
.#


You could see a shadow imp, 3 orcs and an ufetubus.

Vanquished Creatures
  2 centaur zombies (D:8)
  An orc wizard (D:5)
  An adder (D:5)
  A white imp (D:8)
  An orc (D:5)
6 creatures vanquished.

Notes
Turn   | Place    | Note
-------+----------+-------------------------------------------
     0 | D:5      | croobank the Octopode Delver began the quest for the Orb.
     0 | D:5      | Reached XP level 1. HP: 16/16 MP: 1/1
    10 | D:6      | Found a runed translucent door.
    10 | D:6      | Noticed a bullfrog
    70 | D:8      | Reached skill level 7 in Stealth
    70 | D:8      | Reached XP level 2. HP: 9/21 MP: 2/2
    70 | D:8      | Reached XP level 3. HP: 12/26 MP: 3/3
   179 | D:8      | Reached XP level 4. HP: 12/31 MP: 4/4
   395 | D:8      | Found a basalt altar of Yredelemnul.
   442 | D:9      | Found a staircase to the Lair.
   447 | D:10     | Entered Level 10 of the Dungeon
   452 | D:10     | Noticed a troll
   501 | D:7      | Noticed a centaur
   517 | D:6      | Found a staircase to the Ecumenical Temple.
   522 | Temple   | Entered the Ecumenical Temple
   611 | D:5      | Noticed a centaur
   720 | D:5      | HP: 1/33 [ufetubus (3)]
   720 | D:5      | Slain by a shadow imp

Illustrated notes

Levels and vault maps discovered:
D:5:      layout_basic
D:6:      layout_gridville, temple_doors_e, ebering_ghost_sewer_f,
          portal_sewer_entry_a, grunt_decor_cap
D:7:      layout_cave_pods, fedhas_ov_isle_minmay, minmay_shop_damaged
D:8:      layout_rooms, nicolae_yredelemnul_corpse_copse, uniq_erica
D:9:      layout_irregular_city, dpeg_oklobed_lair, uniq_erolcha
D:10:     layout_basic, nicolae_overflow_hidden_temple, enter_bailey_8,
          minivault_4
Temple:   nicolae_temple_two_arcs

Skill      XL: |  1  2  3  4 |
---------------+-------------+-----
Stealth        | 7 |  7.3
Axes           | 3 |  3.0
Dodging        | 3 |  3.0
Fighting       | |  3.7

Action                   |  1- 3 |  4- 6 || total
-------------------------+-------+-------++-------
Melee: Hand axe          |    14 |    18 ||    32
       Tentacles         |     7 |     5 ||    12
       Constrict         |     1 |     3 ||     4
  Use: Scroll            |       |     4 ||     4
       Potion            |       |     3 ||     3
 Stab: Sleeping          |       |     1 ||     1
Armor: Skin              |     3 |     2 ||     5
Dodge: Dodged            |    21 |     8 ||    29
